 Dungeon Sprint DCSS version 0.20-a0-350-ga83eecc (webtiles) character file.

646 Kalmpela the Cleaver (level 7, 0/50 HPs)
             Began as a Demonspawn Gladiator on Dec 24, 2016.
             Was an Initiate of Trog.
             Slain by Sonja
             ... wielding a +2 dagger of distortion
              (9 damage)
             ... in the Dungeon (Sprint I: "Red Sonja").
             The game lasted 00:06:42 (568 turns).

Kalmpela the Cleaver (Demonspawn Gladiator)          Turns: 568, Time: 00:06:43

Health: 0/50       AC:  6    Str: 18    XL:     7   Next: 27%
Magic:  7/7        EV: 12    Int:  9    God:    Trog [......]
Gold:   265        SH:  0    Dex: 13    Spells: 6/6 levels left

rFire  . . .     SeeInvis .     a - +0 war axe
rCold  . . .     Gourm    .     b - +0 leather armour
rNeg   . . .     Faith    .     (no shield)
rPois  .         Spirit   .     c - +0 helmet
rElec  .         Reflect  .     (no cloak)
rCorr  .         Harm     .     (no gloves)
MR     .....     NoTele   +     (no boots)
Stlth  +.........               (no amulet)
                                (no ring)
                                (no ring)

@: lethally poisoned (0 -> -21), slowed, very slow
A: yellow scales 1, spiny 3, rot immunity
a: Burn Spellbooks, Renounce Religion


You were in the Dungeon.
You worshipped Trog.
Trog was noncommittal.
You were not hungry.

You visited 1 branch You collected 265 gold pieces.

Inventory:

Hand Weapons
 a - a +0 war axe (weapon)
 d - a +0 scythe of venom
 l - a +0 dagger
Armour
 b - a +0 leather armour (worn)
 c - a +0 helmet (worn)
 e - a +0 robe
Scrolls
 j - a scroll of random uselessness {unknown}
 k - a scroll of blinking
Potions
 i - 2 potions of magic
Comestibles
 f - a bread ration


   Skills:
 + Level 2.0 Fighting
 + Level 13.6 Axes
 - Level 1.7 Throwing
 - Level 3.8 Armour
 - Level 2.6 Dodging
 - Level 1.1 Stealth


You had 6 spell levels left.
You didn't know any spells.

Dungeon Overview and Level Annotations

Branches:
Dungeon (1/1)

Altars:
Cheibriados
Dithmenos
Elyvilon
Fedhas
Gozag
Hepliaklqana
Kikubaaqudgha
Makhleb
Nemelex Xobeh
Okawaru
Qazlal
Ru
Sif Muna
Trog
Uskayaw
Vehumet
Xom
Yredelemnul
Zin
The Shining One
Jiyva
Lugonu

Shops:
D (

Annotations:
D Sonja


Innate Abilities, Weirdness & Mutations

You are partially covered in yellow scales. (AC +2)
You are completely covered in sharp spines.
You are immune to rotting.


Message History

You throw a throwing net. The throwing net hits Sonja.
Sonja is caught in the net!
You feel very sick.
Sonja struggles against the net. x2
You feel very sick.
Sonja struggles against the net.
Sonja says, "I'm academy-trained, you know."
Sonja struggles against the net.
The net rips apart, and Sonja comes free!
There is an open door here.
You closely miss Sonja.
You feel sick.
Sonja unwields an uncursed enchanted blowgun.
Sonja wields an uncursed dagger of distortion.
Its appearance distorts for a moment.
Sonja is struck by your spines.
Sonja hits you with an uncursed dagger of distortion. x2
* * * LOW HITPOINT WARNING * * *
Space bends around you.
* * * LOW HITPOINT WARNING * * *
Sonja hits you but does no damage. Space warps horribly around you!
You die...

#<.#..)..#..'..#__#
#..'..#..'÷.#..'..+
#..#####+#####'#__#
#..#### #...#.####§
#..#__####..##.#§§§§
#..#_____##'#..+§§§§
#⌠⌠#_.∩...'..._#
####_..__##_(#'#
#_____###@#.#
####### #K### $.$
#$.$# ##.## #+#


You could see Sonja.

Vanquished Creatures
  A slime creature (D)
  Sigmund (D)
  A yak (D)
  An ogre (D)
  A jelly (D)
  Ijyb (D)
6 creatures vanquished.

Vanquished Creatures (others)
  A gargoyle (D)
1 creature vanquished.

Grand Total: 7 creatures vanquished

Notes
Turn   | Place    | Note
-------+----------+-------------------------------------------
     0 | D        | Kalmpela the Demonspawn Gladiator began the quest for the Orb.
     0 | D        | Reached XP level 1. HP: 16/16 MP: 1/1
     1 | D        | Noticed Ijyb
    17 | D        | Killed Ijyb
    17 | D        | Reached skill level 5 in Axes
    17 | D        | Gained mutation: You are partially covered in sharp spines. [demonic ancestry]
    17 | D        | Reached XP level 2. HP: 20/22 MP: 2/2
    35 | D        | Noticed an ogre
    49 | D        | Killed an ogre
    49 | D        | Reached skill level 8 in Axes
    49 | D        | Reached skill level 1 in Armour
    49 | D        | Gained mutation: You are immune to rotting. [demonic ancestry]
    49 | D        | Reached XP level 3. HP: 15/27 MP: 3/3
    49 | D        | Gained mutation: You are mostly covered in sharp spines. [demonic ancestry]
    49 | D        | Reached XP level 4. HP: 19/33 MP: 4/4
    54 | D        | Noticed Sigmund
    61 | D        | Killed Sigmund
    61 | D        | Reached skill level 11 in Axes
    61 | D        | Reached XP level 5. HP: 22/38 MP: 5/5
    61 | D        | Gained mutation: You are partially covered in yellow scales. (AC +2) [demonic ancestry]
    61 | D        | Reached XP level 6. HP: 25/44 MP: 6/6
   355 | D        | Found a burning altar of Makhleb.
   355 | D        | Found a viscous altar of Jiyva.
   355 | D        | Found a shimmering altar of Xom.
   355 | D        | Found a corrupted altar of Lugonu.
   355 | D        | Noticed a slime creature
   373 | D        | Killed a slime creature
   373 | D        | Reached skill level 12 in Axes
   373 | D        | Reached skill level 1 in Stealth
   472 | D        | Killed a gargoyle
   499 | D        | Found a deep blue altar of Sif Muna.
   501 | D        | Found a radiant altar of Vehumet.
   528 | D        | Found Leosihib's Weapon Emporium.
   528 | D        | Found an ancient bone altar of Kikubaaqudgha.
   528 | D        | Found a hazy altar of Hepliaklqana.
   528 | D        | Found a hide-covered altar of Uskayaw.
   528 | D        | Found a basalt altar of Yredelemnul.
   528 | D        | Found an opulent altar of Gozag.
   528 | D        | Found a snail-covered altar of Cheibriados.
   528 | D        | Found a sacrificial altar of Ru.
   528 | D        | Found a shadowy altar of Dithmenos.
   528 | D        | Noticed a yak
   533 | D        | Killed a yak
   533 | D        | Reached skill level 13 in Axes
   533 | D        | Gained mutation: You are completely covered in sharp spines. [demonic ancestry]
   533 | D        | Reached XP level 7. HP: 32/50 MP: 7/7
   534 | D        | Found a stormy altar of Qazlal.
   534 | D        | Found a blossoming altar of Fedhas.
   534 | D        | Found a bloodstained altar of Trog.
   534 | D        | Found an iron altar of Okawaru.
   534 | D        | Found a glowing golden altar of the Shining One.
   534 | D        | Found a glowing silver altar of Zin.
   534 | D        | Found a white marble altar of Elyvilon.
   535 | D        | Found a sparkling altar of Nemelex Xobeh.
   539 | D        | Became a worshipper of Trog the Wrathful
   563 | D        | Noticed Sonja
   568 | D        | Slain by Sonja

Vault maps used:
D:        dungeon_sprint_1

Skill      XL: |  1  2  3  4  5  6 |
---------------+-------------------+-----
Axes           | 5 8 11 13 | 13.6
Armour         | 1 2 3 |  3.8
Stealth        | 1 |  1.1
Fighting       | |  2.0
Throwing       | |  1.7
Dodging        | |  2.6

Action                   |  1- 3 |  4- 6 |  7- 9 || total
-------------------------+-------+-------+-------++-------
Melee: War axe           |    27 |    24 |     1 ||    52
Throw: Throwing net      |     1 |     2 |     1 ||     4
  Use: Potion            |     1 |     2 |     1 ||     4
Armor: Leather armour    |     3 |       |     1 ||     4
Dodge: Dodged            |    14 |     9 |       ||    23
